PAA
ASHEVILLE HIGHLANDERS @ YAKIMA HOPS
05/03/2027
 
TOP OF THE 1ST
Asheville Highlanders batting - Pitching for Yakima Hops : LHP Emílio Mavarro
Pitching: LHP Emílio Mavarro
Batting: RHB Miguel Montoya 0-0: Foul Ball, location: 2F
0-1: Ball
1-1: Foul Ball, location: 2F
1-2: Ball
2-2: Ground out 6-3 (Groundball, 6MD)
Batting: LHB Tomás Valenzuela 0-0: Ball
1-0: Ball
2-0: Ball
3-0: Fly out, F4 (Popup, 4MD)
Batting: SHB Alejandro Castillo 0-0: Ball
1-0: Ball
2-0: Ball
3-0: Called Strike
3-1: Called Strike
3-2: Base on Balls
Batting: RHB Ellis Harless 0-0: Ball
1-0: Ball
2-0: Ball
3-0: Base on Balls
Alejandro Castillo to second
Batting: SHB Javier Luna 0-0: Foul Ball, location: 2F
0-1: Foul Ball, location: 2F
0-2: Strikes out looking
Top of the 1st over - 0 run(s), 0 hit(s), 0 error(s), 2 left on base; Asheville 0 - Yakima 0
BOTTOM OF THE 1ST
Yakima Hops batting - Pitching for Asheville Highlanders : RHP Ipe Talboom
Pitching: RHP Ipe Talboom
Batting: RHB Diego Rodríguez 0-0: Ball
1-0: Ground out 6-3 (Groundball, 6D)
Batting: LHB Bob Maher 0-0: Ball
1-0: Foul Ball, location: 2F
1-1: Ball
2-1: Called Strike
2-2: Ball
3-2: SINGLE (Groundball, 4MD)
Batting: LHB Armando Carmona 0-0: Called Strike
0-1: Called Strike
0-2: Strikes out swinging
Batting: RHB Yehonatan Chazan 0-0: Ball
1-0: SINGLE (Flyball, 7S)
Bob Maher to second
Batting: RHB Chad Shafer 0-0: Called Strike
0-1: Foul Ball, location: 2F
0-2: Ball
1-2: SINGLE (Line Drive, 7S)
Bob Maher to third
Yehonatan Chazan to second
Runner from 3rd tries for Home, SAFE, no throw
Batting: RHB Lenny Roper 0-0: Ball
1-0: Fly out, F9 (Flyball, 9D)
Bottom of the 1st over - 1 run(s), 3 hit(s), 0 error(s), 2 left on base; Asheville 0 - Yakima 1
TOP OF THE 2ND
Asheville Highlanders batting - Pitching for Yakima Hops : LHP Emílio Mavarro
Batting: RHB Jan Gosselin 0-0: Ball
1-0: Ground out U3 (Groundball, 3L)
Batting: RHB Ed Lastinger 0-0: Ball
1-0: Called Strike
1-1: Foul Ball, location: 2F
1-2: Foul Ball, location: 2F
1-2: Ground out 4-3 (Groundball, 4)
Batting: RHB Marcos Calderón 0-0: Ball
1-0: Ball
2-0: Ground out 4-3 (Groundball, 4S)
Top of the 2nd over - 0 run(s), 0 hit(s), 0 error(s), 0 left on base; Asheville 0 - Yakima 1
BOTTOM OF THE 2ND
Yakima Hops batting - Pitching for Asheville Highlanders : RHP Ipe Talboom
Batting: RHB Juan García 0-0: Called Strike
0-1: Ball
1-1: Called Strike
1-2: Fly out, F8 (Line Drive, 8LD)
Batting: RHB Mark Poirer 0-0: Ball
1-0: Ball
2-0: Ball
3-0: Called Strike
3-1: Ground out 4-3 (Groundball, 4M)
Batting: SHB Domingo Luna 0-0: Ball
1-0: Ball
2-0: Foul Ball, location: 2F
2-1: Fly out, F7 (Flyball, 7)
Bottom of the 2nd over - 0 run(s), 0 hit(s), 0 error(s), 0 left on base; Asheville 0 - Yakima 1
TOP OF THE 3RD
Asheville Highlanders batting - Pitching for Yakima Hops : LHP Emílio Mavarro
Batting: RHB Héctor Gallegos 0-0: SINGLE (Groundball, 6MD)
Batting: RHB Miguel Montoya 0-0: Called Strike
0-1: Ball
1-1: Fly out, F3 (Line Drive, 3)
Lined into DP, U3 (Line Drive, 3)
Batting: LHB Tomás Valenzuela 0-0: Fly out, F8 (Flyball, 8LD)
Top of the 3rd over - 0 run(s), 1 hit(s), 0 error(s), 0 left on base; Asheville 0 - Yakima 1
BOTTOM OF THE 3RD
Yakima Hops batting - Pitching for Asheville Highlanders : RHP Ipe Talboom
Batting: RHB Diego Rodríguez 0-0: Swinging Strike
0-1: Ball
1-1: Ground out 4-3 (Groundball, 4)
Batting: LHB Bob Maher 0-0: Ball
1-0: SOLO HOME RUN (Flyball, 9LD), Distance : 348 ft
Batting: LHB Armando Carmona 0-0: Ball
1-0: Foul Ball, location: 2F
1-1: Ball
2-1: Foul Ball, location: 2F
2-2: Ball
3-2: Fly out, F6 (Popup, 6S)
Batting: RHB Yehonatan Chazan 0-0: Ball
1-0: Called Strike
1-1: Foul Ball, location: 2F
1-2: Ball
2-2: Strikes out looking
Bottom of the 3rd over - 1 run(s), 1 hit(s), 0 error(s), 0 left on base; Asheville 0 - Yakima 2
TOP OF THE 4TH
Asheville Highlanders batting - Pitching for Yakima Hops : LHP Emílio Mavarro
Batting: SHB Alejandro Castillo 0-0: Fly out, F9 (Flyball, 9S)
Batting: RHB Ellis Harless 0-0: Ball
1-0: Ball
2-0: Foul Ball, location: 2F
2-1: Called Strike
2-2: Ball
3-2: Foul Ball, location: 2F
3-2: Fly out, F9 (Line Drive, 9)
Batting: SHB Javier Luna 0-0: SINGLE (Line Drive, 9S)
Batting: RHB Jan Gosselin 0-0: Called Strike
0-1: Ball
1-1: Ball
2-1: Foul Ball, location: 2F
2-2: Ball
3-2: Ground out 6-3 (Groundball, 6S)
Top of the 4th over - 0 run(s), 1 hit(s), 0 error(s), 1 left on base; Asheville 0 - Yakima 2
BOTTOM OF THE 4TH
Yakima Hops batting - Pitching for Asheville Highlanders : RHP Ipe Talboom
Batting: RHB Chad Shafer 0-0: Called Strike
0-1: Ground out 6-3 (Groundball, 6)
Batting: RHB Lenny Roper 0-0: Ball
1-0: Fly out, F7 (Flyball, 78S)
Batting: RHB Juan García 0-0: Ground out 1-6-3 (Groundball, 15S)
Bottom of the 4th over - 0 run(s), 0 hit(s), 0 error(s), 0 left on base; Asheville 0 - Yakima 2
TOP OF THE 5TH
Asheville Highlanders batting - Pitching for Yakima Hops : LHP Emílio Mavarro
Batting: RHB Ed Lastinger 0-0: Called Strike
0-1: Ball
1-1: Ball
2-1: Ball
3-1: Foul Ball, location: 2F
3-2: Foul Ball, location: 2F
3-2: Base on Balls
Batting: RHB Marcos Calderón 0-0: Called Strike
0-1: Foul Ball, location: 2F
0-2: Foul Ball, location: 2F
0-2: Strikes out swinging
Batting: RHB Héctor Gallegos 0-0: Ball
1-0: Ball
2-0: Called Strike
2-1: Foul Ball, location: 2F
2-2: Ball
3-2: SINGLE (Line Drive, 9S)
Ed Lastinger to second
Batting: RHB Miguel Montoya 0-0: Ball
Ed Lastinger steals 3rd base
Héctor Gallegos to second
1-0: Foul Ball, location: 2F
1-1: Fly out, F1 (Line Drive, 13S)
Batting: LHB Tomás Valenzuela 0-0: Swinging Strike
0-1: Ball
1-1: Ground out 3-1 (Groundball, 34S)
Top of the 5th over - 0 run(s), 1 hit(s), 0 error(s), 2 left on base; Asheville 0 - Yakima 2
BOTTOM OF THE 5TH
Yakima Hops batting - Pitching for Asheville Highlanders : RHP Ipe Talboom
Batting: RHB Mark Poirer 0-0: Foul Ball, location: 2F
0-1: Ball
1-1: SINGLE (Line Drive, 89S)
Batting: SHB Domingo Luna 0-0: Ball
1-0: Called Strike
1-1: Sac Bunt - play at first, batter OUT! 5-4
Mark Poirer to second
Batting: RHB Diego Rodríguez 0-0: Reached on error, E4 (Line Drive, 4)
Mark Poirer to third
Batting: LHB Bob Maher 0-0: Ball
1-0: Called Strike
1-1: Foul Ball, location: 2F
1-2: Foul Ball, location: 2F
1-2: Foul Ball, location: 2F
1-2: Foul Ball, location: 2F
1-2: Ball
2-2: Foul Ball, location: 2F
2-2: Ball
3-2: SINGLE (Line Drive, 4MD)
Mark Poirer scores
Diego Rodríguez to second
Diego Rodríguez to third
Batting: LHB Armando Carmona 0-0: Fielders Choice at 2nd, 1-6 (Groundball, 13S)
Batting: RHB Yehonatan Chazan 0-0: Ball
1-0: Foul Ball, location: 2F
1-1: Ball
2-1: Called Strike
2-2: Strikes out swinging
Bottom of the 5th over - 1 run(s), 2 hit(s), 1 error(s), 2 left on base; Asheville 0 - Yakima 3
TOP OF THE 6TH
Asheville Highlanders batting - Pitching for Yakima Hops : LHP Emílio Mavarro
Pitching: LHP Israel Arant
Batting: SHB Alejandro Castillo 0-0: Called Strike
0-1: Ball
1-1: Swinging Strike
1-2: Fly out, F8 (Flyball, 8LD)
Batting: RHB Ellis Harless 0-0: SINGLE (Line Drive, 6MD)
Batting: SHB Javier Luna 0-0: Swinging Strike
0-1: Foul Ball, location: 2F
0-2: Ball
1-2: Fly out, F8 (Flyball, 8RM)
Batting: RHB Jan Gosselin 0-0: Ball
1-0: Ball
2-0: Called Strike
2-1: Foul Ball, location: 2F
2-2: Strikes out swinging
Top of the 6th over - 0 run(s), 1 hit(s), 0 error(s), 1 left on base; Asheville 0 - Yakima 3
BOTTOM OF THE 6TH
Yakima Hops batting - Pitching for Asheville Highlanders : RHP Ipe Talboom
Batting: RHB Chad Shafer 0-0: Ball
1-0: Foul Ball, location: 2F
1-1: Ball
2-1: Ball
3-1: SINGLE (Groundball, 6MD)
Batting: RHB Lenny Roper 0-0: Bunted foul
0-1: Sac Bunt - play at first, batter OUT! 1-4
Chad Shafer to second
Batting: RHB Juan García 0-0: Ball
1-0: Called Strike
1-1: Fly out, F9 (Flyball, 9S)
Batting: RHB Mark Poirer 0-0: Ball
1-0: Called Strike
1-1: Ball
2-1: Foul Ball, location: 2F
2-2: Strikes out swinging
Bottom of the 6th over - 0 run(s), 1 hit(s), 0 error(s), 1 left on base; Asheville 0 - Yakima 3
TOP OF THE 7TH
Asheville Highlanders batting - Pitching for Yakima Hops : LHP Israel Arant
Batting: RHB Ed Lastinger 0-0: Ball
1-0: Ball
2-0: Fly out, F8 (Line Drive, 8LM)
Batting: RHB Marcos Calderón 0-0: Ball
1-0: Ball
2-0: Ball
3-0: Called Strike
3-1: Base on Balls
Batting: RHB Héctor Gallegos 0-0: Ball
1-0: Ball
2-0: Called Strike
2-1: Swinging Strike
2-2: Fly out, F9 (Flyball, 89M)
Batting: RHB Miguel Montoya 0-0: Ball
1-0: Ball
2-0: Called Strike
2-1: Foul Ball, location: 2F
2-2: Foul Ball, location: 2F
2-2: Strikes out looking
Top of the 7th over - 0 run(s), 0 hit(s), 0 error(s), 1 left on base; Asheville 0 - Yakima 3
BOTTOM OF THE 7TH
Yakima Hops batting - Pitching for Asheville Highlanders : RHP Ipe Talboom
Batting: SHB Domingo Luna 0-0: Ball
1-0: Ground out 6-3 (Groundball, 6)
Batting: RHB Diego Rodríguez 0-0: Called Strike
0-1: Ball
1-1: Ground out 6-3 (Groundball, 6)
Batting: LHB Bob Maher 0-0: Ball
1-0: Ball
2-0: Ball
3-0: Called Strike
3-1: Called Strike
3-2: Base on Balls
Pitching: RHP Bobby Irvine
Batting: LHB Armando Carmona 0-0: Ball
1-0: 2-RUN HOME RUN (Flyball, 7D), Distance : 378 ft
Batting: RHB Yehonatan Chazan 0-0: Foul Ball, location: 2F
0-1: Foul Ball, location: 2F
0-2: Ground out 5-3 (Groundball, 56S)
Bottom of the 7th over - 2 run(s), 1 hit(s), 0 error(s), 0 left on base; Asheville 0 - Yakima 5
TOP OF THE 8TH
Asheville Highlanders batting - Pitching for Yakima Hops : LHP Israel Arant
Batting: LHB Tomás Valenzuela 0-0: Foul Ball, location: 2F
0-1: Ball
1-1: Ball
2-1: Swinging Strike
2-2: Ball
3-2: Base on Balls
Batting: SHB Alejandro Castillo 0-0: Swinging Strike
0-1: Called Strike
0-2: Ball
1-2: SINGLE (Flyball, 78S)
Tomás Valenzuela to second
Batting: RHB Ellis Harless 0-0: Ball
1-0: SINGLE (Flyball, 9S)
Tomás Valenzuela to third
Alejandro Castillo to second
Pitching: RHP John Sirica
Batting: SHB Javier Luna 0-0: Called Strike
0-1: GRAND SLAM HOME RUN (Flyball, 8LXD), Distance : 435 ft
Batting: RHB Jan Gosselin 0-0: Ground out 6-3 (Groundball, 6)
Batting: RHB Ed Lastinger 0-0: Ball
1-0: Called Strike
1-1: Ball
2-1: Swinging Strike
2-2: Ball
3-2: SINGLE (Line Drive, 8RS)
Pinch Hitting: LHB Jim Unknown 0-0: Sac Bunt - play at first, batter OUT! 5-3
Ed Lastinger to second
Batting: RHB Héctor Gallegos 0-0: Called Strike
0-1: Called Strike
0-2: Ground out 6-3 (Groundball, 6)
Top of the 8th over - 4 run(s), 4 hit(s), 0 error(s), 1 left on base; Asheville 4 - Yakima 5
BOTTOM OF THE 8TH
Yakima Hops batting - Pitching for Asheville Highlanders : RHP Bobby Irvine
Now in RF: Jim Unknown
Batting: RHB Chad Shafer 0-0: Called Strike
0-1: Foul Ball, location: 2F
0-2: Ball
1-2: Ball
2-2: Ball
3-2: Base on Balls
Batting: RHB Lenny Roper 0-0: Called Strike
0-1: Sac Bunt - play at first, batter OUT! 2-3
Chad Shafer to second
Pinch Hitting: LHB César Nieves 0-0: Called Strike
0-1: Foul Ball, location: 2F
0-2: 2-RUN HOME RUN (Line Drive, 9LD), Distance : 359 ft
Pitching: RHP Luis López
Batting: RHB Mark Poirer 0-0: Ball
1-0: Foul Ball, location: 2F
1-1: Swinging Strike
1-2: Ball
2-2: Ball
3-2: Fly out, F4 (Flyball, 4D)
Batting: SHB Domingo Luna 0-0: Ball
1-0: Swinging Strike
1-1: Ground out 6-3 (Groundball, 6M)
Bottom of the 8th over - 2 run(s), 1 hit(s), 0 error(s), 0 left on base; Asheville 4 - Yakima 7
TOP OF THE 9TH
Asheville Highlanders batting - Pitching for Yakima Hops : RHP John Sirica
Pitching: RHP Reynaldo Maestas
Now at 2B: Jim Unknown
Batting: RHB Miguel Montoya 0-0: Ball
1-0: Called Strike
1-1: Ground out 6-3 (Groundball, 6)
Batting: LHB Tomás Valenzuela 0-0: Called Strike
0-1: Ball
1-1: Ground out 3-1 (Groundball, 34S)
Batting: SHB Alejandro Castillo 0-0: Foul Ball, location: 2F
0-1: SINGLE (Line Drive, 89S)
Batting: RHB Ellis Harless 0-0: Foul Ball, location: 2F
0-1: Swinging Strike
0-2: Ball
1-2: Strikes out looking
Top of the 9th over - 0 run(s), 1 hit(s), 0 error(s), 1 left on base; Asheville 4 - Yakima 7
Saturday, May 26th, 2018 - OOTP Baseball 17.12 Build 75